 Dungeon Crawl Stone Soup version 0.31-a0-187-gba352fbbf7 (webtiles) character file.

Game seed: 2905283598025227858

63 qw the Shooter (level 3, -3/20 HPs)
             Began as a Deep Elf Hunter on June 22, 2023.
             Killed from afar by Natasha (6 damage)
             ... with a magic dart
             ... on level 2 of the Dungeon.
             The game lasted 00:00:24 (1320 turns).

qw the Shooter (Deep Elf Hunter)                    Turns: 1320, Time: 00:00:24

Health: -3/20      AC:  5    Str: 10    XL:     3   Next: 89%
Magic:  5/5        EV: 11    Int: 13    God:
Gold:   28         SH:  0    Dex: 18    Spells: 2/2 levels left

rFire   . . .        Y - +0 shortbow
rCold   . . .        (shield currently unavailable)
rNeg    . . .        h - +0 ring mail
rPois   .            (no helmet)
rElec   .            (no cloak)
rCorr   .            (no gloves)
SInv    .            (no boots)
Will    .....        (no amulet)
Stlth   +            (no ring)
HPRegen 0.23/turn    (no ring)
MPRegen 0.09/turn

%: no passive effects
@: no status effects
A: no striking features
a: no special abilities


You were on level 2 of the Dungeon.
You visited 1 branch of the dungeon, and saw 2 of its levels.

You collected 132 gold pieces.
You spent 104 gold pieces at shops.


   Skills:
 - Level 1.5 Fighting
 + Level 7.3 Ranged Weapons
 - Level 2.4 Dodging
 - Level 1.2 Stealth


You had 2 spell levels left.
You didn't know any spells.
Your spell library was empty.

Inventory:

Hand Weapons
 Y - a +0 shortbow (weapon)
Armour
 h - a +0 ring mail (worn)
Jewellery
 d - an amulet of regeneration
 j - an amulet of faith
Scrolls
 a - 6 scrolls of identify
 e - a scroll of immolation {unknown}
Potions
 b - a potion of attraction {unknown}
 c - a potion of curing {unknown}
 f - a potion of degeneration {unknown}
 g - a potion of haste {unknown}
 i - a potion of resistance {unknown}

Dungeon Overview and Level Annotations

Branches:
Dungeon (2/15)

Altars:

Shops:
D:2 ?

Annotations:
D:2 1 runed translucent door, Crazy Yiuf, Natasha


Message History

Enter note:
Enter note:
Enter note:
Enter note:
Enter note:
Enter note: You enter the shallow water.
Moving in this stuff is going to be slow.
You enter the shallow water.
Moving in this stuff is going to be slow.
You enter the shallow water.
Moving in this stuff is going to be slow.
You enter the shallow water.
Moving in this stuff is going to be slow.
There is a stone staircase leading down here.
There is an open door here.
There is an open door here.
Natasha, Servant of Life and Death comes into view.
You shoot an arrow.
Natasha hisses angrily.
The arrow hits Natasha!
Natasha is heavily wounded.
You shoot an arrow. The arrow barely misses Natasha.
You shoot an arrow.
The arrow hits Natasha but does no damage.
Natasha is heavily wounded.
You shoot an arrow. The arrow barely misses Natasha.
Natasha claws you.
You shoot an arrow. The arrow closely misses Natasha.
Natasha claws you!
You shoot an arrow. The arrow hits Natasha.
Natasha is heavily wounded.
Natasha claws you but does no damage.
You shoot an arrow. The arrow hits Natasha.
Natasha is almost dead.
Natasha casts a spell at you. The magic dart hits you!
Natasha casts a spell at you. The magic dart hits you.
You die...

.####.##....####.#
###....### ##
#.#.....# #.#
#...#### #.#.....#
#.# #.###
############.# #.#
##8###8#.# #.#
.........# #.#
.........# ##.#
.......h.# #..#
##8###8#@# #.##
### # ###.####.#
####.# #......#
.....# #.###.##
.##### ######.# .#
###....#.# .#
##......'.# .#
##.......### .#
##.....####


You could see Natasha.

Vanquished Creatures
  Natasha (D:2)
  A worm (D:2)
  3 ball pythons
  5 endoplasms
  A giant cockroach (D:1)
  3 goblins
  A hobgoblin (D:2)
  5 kobolds
  4 quokkas
  6 bats
  A frilled lizard (D:1)
  A rat (D:1)
32 creatures vanquished.

Notes
Turn   | Place    | Note
-------+----------+-------------------------------------------
     0 | D:1      | qw the Deep Elf Hunter began the quest for the Orb.
     0 | D:1      | Reached XP level 1. HP: 12/12 MP: 3/3
     0 | D:1      | 0 ||| qw: Version: 0.3-a-9-g12657ce
     0 | D:1      | 0 ||| qw: Game counter: 2421
     0 | D:1      | 0 ||| qw: Always use a shield: true
     0 | D:1      | 0 ||| qw: God list: Okawaru
     0 | D:1      | 0 ||| qw: Allow faded altars: false
     0 | D:1      | 0 ||| qw: Do Orc after D:15 true
     0 | D:1      | 0 ||| qw: Do second Lair branch before Depths: true
     0 | D:1      | 0 ||| qw: Lair rune preference: random
     0 | D:1      | 0 ||| qw: Plans: Normal
     0 | D:1      | 0 ||| PLANNING D:1-11
   179 | D:1      | Reached skill level 6 in Ranged Weapons
   179 | D:1      | Reached XP level 2. HP: 16/16 MP: 4/4
   549 | D:1      | 549 ||| UPGRADING to +0 ring mail.
   559 | D:1      | 559 ||| DROPPING +0 leather armour.
   560 | D:1      | 560 ||| DROPPING amulet of magic regeneration.
   561 | D:1      | 561 ||| READING 2 scrolls labelled ORAEDY PICAIMO.
   562 | D:1      | 562 ||| READING scroll labelled DEGEYN VUZI.
   563 | D:1      | 563 ||| READING scroll labelled ABOLATT BATA.
   566 | D:1      | 566 ||| DROPPING scroll of butterflies.
   652 | D:2      | Found Kanafeum's Magic Scroll Emporium.
   655 | D:2      | 655 ||| BUYING 2 scrolls of identify (52 gold).
   655 | D:2      | Bought 2 scrolls of identify for 52 gold pieces
   655 | D:2      | 655 ||| BUYING scroll of identify (26 gold).
   655 | D:2      | Bought a scroll of identify for 26 gold pieces
   655 | D:2      | 655 ||| BUYING scroll of identify (26 gold).
   655 | D:2      | Bought a scroll of identify for 26 gold pieces
   655 | D:2      | 655 ||| SHOPLISTING scroll of teleportation (39 gold, have
                  | 5).
   714 | D:2      | Reached XP level 3. HP: 20/20 MP: 5/5
   855 | D:2      | Found a runed translucent door.
   856 | D:2      | Noticed Crazy Yiuf
   918 | D:2      | Found a faded altar of an unknown god.
  1000 | D:2      | Noticed Natasha
  1007 | D:2      | Killed Natasha
  1008 | D:2      | Reached skill level 7 in Ranged Weapons
  1313 | D:2      | Noticed Natasha
  1320 | D:2      | HP: 3/20 [Natasha/magic dart (9)]
  1320 | D:2      | Killed from afar by Natasha

Levels and vault maps discovered:
D:1:      minmay_arrival_widening_spiral_wide, layout_rooms,
          palyth_stone_intersect
D:2:      layout_basic, serial_corexii_hall, chequers_hall_statues_y,
          corexii_hall_statues_l, corexii_hall_statues_l,
          chequers_hall_statues_wall_a, chequers_hall_statues_y,
          corexii_hall_statues_deadend, chequers_ecumenical_altar_simple,
          serial_shops, nicolae_shop_behind_doors,
          chequers_serial_rivers_small_3, hex_large,
          chequers_serial_rivers_large_a, lightli_corner_chamber, uniq_natasha,
          uniq_crazy_yiuf_cottage

Skill      XL: |  1  2  3 |
---------------+----------+-----
Ranged Weapons | 6 7 |  7.3
Fighting       | |  1.5
Dodging        | |  2.4
Stealth        | |  1.2

Action                     || total
---------------------------++-------
   Fire: Shortbow          ||    84
    Use: Scroll            ||     3
 Armour: Leather armour    ||     1
         Ring mail         ||     4
  Dodge: Dodged            ||    12

Table legend:
 A = Non-vault XP
 B = Vault XP
 C = Vault XP percentage of total XP
 D = Non-vault monster count
 E = Vault monster count
 F = Vault count percentage of total count
                 A         B        C        D         E       F
            +---------+---------+-------+---------+---------+-------
      Total |      56 |      35 |  38.5 |      31 |       1 |   3.1
            +---------+---------+-------+---------+---------+-------
        D:1 |      30 |       0 |   0.0 |      18 |       0 |   0.0
        D:2 |      26 |      35 |  57.4 |      13 |       1 |   7.1
            +---------+---------+-------+---------+---------+-------
